 Seeded DCSS version 0.30-a0-605-gb2882149bf (webtiles) character file.

Game seed: 16313646216494777422 (custom seed)

11 flotson the Sneak (level 2, -2/24 HPs)
             Began as a Demonspawn Delver on Jan 7, 2023.
             Slain by an orc
             ... wielding a +0 falchion
              (4 damage)
             ... on level 4 of the Dungeon.
             The game lasted 00:01:12 (191 turns).

flotson the Sneak (Demonspawn Delver)                Turns: 191, Time: 00:01:13

Health: -2/24      AC:  3    Str: 12    XL:     2   Next: 13%
Magic:  2/2        EV: 11    Int: 11    God:
Gold:   15         SH:  0    Dex: 14    Spells: 1/1 levels left

rFire   + . .      SeeInvis .    a - +0 hand axe
rCold   + . .      Faith    .    (no shield)
rNeg    . . .      Spirit   .    b - +0 leather armour
rPois   +          Reflect  .    (no helmet)
rElec   +          Harm     .    (no cloak)
rCorr   +          Rampage  .    (no gloves)
Will    .....                    (no boots)
Stlth   +++                      (no amulet)
HPRegen 0.24/turn                (no ring)
MPRegen 0.08/turn                (no ring)

@: resistant
A: ignite blood 1
a: no special abilities


You were on level 4 of the Dungeon.
You visited 1 branch of the dungeon, and saw 3 of its levels.

You collected 15 gold pieces.

Inventory:

Hand Weapons
 a - a +0 hand axe (weapon)
Armour
 b - a +0 leather armour (worn)
Wands
 g - a wand of digging (3)
Scrolls
 c - a scroll of fog
 d - a scroll of magic mapping
 e - a scroll of fear
 i - 3 scrolls of brand weapon {unknown}
Potions
 f - a potion of haste


   Skills:
 + Level 3.1 Fighting
 + Level 1.9 Axes
 + Level 0.4 Armour
 + Level 1.9 Dodging
 + Level 4.6 Stealth
 + Level 0.4 Evocations


You had one spell level left.
You didn't know any spells.
Your spell library was empty.

Dungeon Overview and Level Annotations

Branches:
Dungeon (5/15)
 Temple: D:4-7

Altars:
Ashenzari
Cheibriados
Kikubaaqudgha
Trog
Yredelemnul

Annotations:
D:4 2 transporters, Menkaure


Innate Abilities, Weirdness & Mutations

Your demonic aura sometimes causes spilled blood to erupt in flames.


Message History

You kill the orc!
You barely miss the orc. The orc closely misses you. x2
You slash the orc!
You kill the orc!
You have reached level 2!
Your demonic ancestry asserts itself...
Your blood heats up.
You hit the orc but do no damage. The orc hits you with a +0 dagger.
You hit the orc but do no damage. The orc hits you with a +0 dagger.
You closely miss the orc. The orc hits you with a +0 dagger.
* * * LOW HITPOINT WARNING * * *
You hit the orc but do no damage. The orc hits you but does no damage. x2
You hit the orc.
The orc is almost dead.
The orc hits you with a +0 dagger.
* * * LOW HITPOINT WARNING * * *
You closely miss the orc.
The orc is almost dead.
The orc barely misses you.
You closely miss the orc.
The orc is almost dead.
The orc hits you but does no damage.
You hit the orc.
You kill the orc!
You closely miss the orc. The orc closely misses you. The orc misses you.
You hit the orc.
The orc is heavily wounded.
The orc hits you with a +0 falchion.
* * * LOW HITPOINT WARNING * * *
You barely miss the orc.
The orc is heavily wounded.
The orc hits you but does no damage.
You closely miss the orc.
The orc is heavily wounded.
The orc hits you with a +0 falchion.
* * * LOW HITPOINT WARNING * * *
It was a potion of resistance.
You feel protected. The orc hits you with a +0 falchion.
You die...

#.#..##.....>.......
####.....)............o
#.......###..#...######
##.##.#.###.#.....# #.
.........#.###.#..#####.
$.....................#.
.#.###..#############.#.
# ##o#Z..........#...
#@#Z.$........#...
#..#M.###.###..#...
#..#z.# #.#8#..#...
....#)..........#...
...©#⌠....©.....#©..
#....#!..........#...
###..#_.#8#.#8#..#.#.
...#$.### #..#.##
......#.#


You could see Menkaure, a wight, an orc, a hound zombie and a centaur zombie.

Vanquished Creatures
  4 orcs (D:4)
  A giant cockroach (D:4)
  A hobgoblin (D:4)
6 creatures vanquished.

Notes
Turn   | Place    | Note
-------+----------+-------------------------------------------
     0 | D:5      | flotson the Demonspawn Delver began the quest for the Orb.
     0 | D:5      | Reached XP level 1. HP: 18/18 MP: 1/1
    93 | D:4      | Found a transporter.
   106 | D:4      | Found a snail-covered altar of Cheibriados.
   106 | D:4      | Found a broken altar of Ashenzari.
   107 | D:4      | Found a bloodstained altar of Trog.
   110 | D:4      | Found a transporter.
   120 | D:4      | Noticed a steam dragon
   142 | D:4      | Found an ancient bone altar of Kikubaaqudgha.
   146 | D:4      | Noticed Menkaure
   165 | D:4      | Found a basalt altar of Yredelemnul.
   169 | D:4      | Noticed a wight
   179 | D:4      | Gained mutation: Your demonic aura sometimes causes spilled
                  | blood to erupt in flames. [demonic ancestry]
   179 | D:4      | Reached XP level 2. HP: 13/24 MP: 2/2
   190 | D:4      | HP: 1/24 [orc/+0 falchion (1)]
   191 | D:4      | Slain by an orc

Illustrated notes

Levels and vault maps discovered:
D:3:      layout_rooms, xom_confusion_cloud
D:4:      layout_loops_ring, gammafunk_temple_of_torment,
          gammafunk_temple_overflow_forgotten
D:5:      layout_rooms, grunt_temple_overflow_gold_and_silver,
          general_overflow_altar, mainiacjoe_overflow_surrounded_room,
          temple_statues, serial_corexii_hall, corexii_hall_statues_t,
          corexii_hall_statues_i, chequers_hall_statues_y,
          corexii_hall_statues_u, corexii_hall_statues_t,
          chequers_hall_statues_corner_a, uniq_pikel

Action                   || total
-------------------------++-------
Melee: Hand axe          ||    30
  Use: Potion            ||     1
Armor: Leather armour    ||    12
Dodge: Dodged            ||    21

Table legend: (Time is in decaauts)
 A = Elapsed time spent in this place.
 B = Non-inter-level travel time spent in this place.
 C = Inter-level travel time spent in this place.
 D = Time resting spent in this place.
 E = Time spent auto-exploring this place.
 F = Levels seen in this place.
 G = Mean time per level.
                   A        B        C        D        E       F      G
               +--------+--------+--------+--------+--------+-----+--------+
         Total |    197 |    175 |     22 |      0 |     85 |   3 |   65.7 |
       Dungeon |    197 |    175 |     22 |      0 |     85 |   3 |   65.7 |
               +--------+--------+--------+--------+--------+-----+--------+

Top non-repeatable levels by time:
     D:4: 153 daAuts
     D:5: 42 daAuts
     D:3: 1 daAuts
